 Dungeon Crawl Stone Soup version 0.27-a0-1193-g8631133539 (webtiles) character file.

Game seed: 8828390013628665236

10 st0uf the Skirmisher (level 2, 19/19 HPs)
             Began as a Gargoyle Monk on May 25, 2021.
             Quit the game on level 1 of the Dungeon.
             The game lasted 00:01:14 (700 turns).

st0uf the Skirmisher (Gargoyle Monk)                 Turns: 700, Time: 00:01:14

Health: 19/19      AC:  4    Str: 14    XL:     2   Next: 20%
Magic:  2/2        EV: 12    Int: 10    God:
Gold:   20         SH:  0    Dex: 12    Spells: 1/1 levels left

rFire    . . .     SeeInvis .   a - +0 mace
rCold    . . .     Faith    .   (no shield)
rNeg     + . .     Spirit   .   b - +0 robe
rPois    ∞         Reflect  .   (no helmet)
rElec    +         Harm     .   (no cloak)
rCorr    .         Rampage  .   (no gloves)
Will     .....                  (no boots)
Stlth    ++........             (no amulet)
HPRegen  0.06/turn              (no ring)
MPRegen  0.08/turn              (no ring)

@: no status effects
A: sickness immunity, AC +2, negative energy resistance 1, electricity
resistance, torment resistance 1, petrification resistance
a: no special abilities


You were on level 1 of the Dungeon.
You visited 1 branch of the dungeon, and saw 1 of its levels.

You collected 20 gold pieces.

Inventory:

Hand Weapons
 a - a +0 mace (weapon)
Armour
 b - a +0 robe (worn)
Scrolls
 d - 2 scrolls of immolation {unknown}
Potions
 c - 2 potions of heal wounds {unknown}


   Skills:
 + Level 3.4 Fighting
 + Level 3.2 Maces & Flails
 * Level 1.0 Armour
 - Level 2.4 Dodging
 + Level 2.2 Stealth


You had one spell level left.
You didn't know any spells.
Your spell library was empty.

Dungeon Overview and Level Annotations

Branches:
Dungeon (1/15)

Altars:


Innate Abilities, Weirdness & Mutations

You are immune to sickness and miasma.
Your stone body is resilient. (AC +2)
You are immune to poison.
You resist negative energy. (rN+)
You are resistant to electric shocks. (rElec)
You are resistant to unholy torment.
You are immune to petrification.


Message History

The endoplasm barely misses you.
You barely miss the endoplasm.
The endoplasm is heavily wounded.
The endoplasm closely misses you.
You barely miss the endoplasm.
The endoplasm is heavily wounded.
The endoplasm barely misses you. The endoplasm freezes you.
You are frozen.
You hit the endoplasm.
The endoplasm is severely wounded.
The endoplasm closely misses you.
You hit the endoplasm.
The endoplasm is almost dead.
The endoplasm closely misses you.
You hit the endoplasm but do no damage.
The endoplasm is almost dead.
The endoplasm hits you but does no damage.
You barely miss the endoplasm.
The endoplasm is severely wounded.
The endoplasm hits you but does no damage.
You hit the endoplasm.
You kill the endoplasm!
You start resting.
HP restored.
c - 2 ruby potions (gained 1)
d - 2 scrolls labelled YSYRCH ISIUCK (gained 1)
Found a mace.
A ball python and a kobold come into view.
The helpless kobold fails to defend itself.
You thump the kobold!
You kill the kobold!
Things that are here:
a +0 dagger; 2 stones The helpless ball python fails to defend itself.
You sock the ball python!
You kill the ball python!
Your Armour skill increases to level 1!
You see here a ball python corpse.
Are you sure you want to abandon this character and quit the game? (Confirm with "yes".)

.# #....##.# #.# †#
#.......# #.# .#
#.....######.### .#
#.....# #.....# ##
#.....####.)..)#
##.#...........#
#####.#...###.....#
#.#.#...#.# ##.#.##
.....####.# #..#@#
......# #.##.#
.....## #. #.#
......# #.# .#..(##
#.. ...#..# ...
.....## ... ..#...#
.... .....##


There were no monsters in sight!

Vanquished Creatures
  An endoplasm (D:1)
  A giant cockroach (D:1)
  2 hobgoblins (D:1)
  A quokka (D:1)
  2 ball pythons (D:1)
  A frilled lizard (D:1)
  A kobold (D:1)
9 creatures vanquished.

Notes
Turn   | Place    | Note
-------+----------+-------------------------------------------
     0 | D:1      | st0uf the Gargoyle Monk began the quest for the Orb.
     0 | D:1      | Reached XP level 1. HP: 14/14 MP: 1/1
   501 | D:1      | Reached XP level 2. HP: 15/19 MP: 2/2
   699 | D:1      | Reached skill level 1 in Armour
   700 | D:1      | Quit the game

Illustrated notes

Levels and vault maps discovered:
D:1:      co_arrival_square_in_a_square_in_a_square, layout_rooms,
          basic_ecumenical_altar

Skill      XL: |  1  2 |
---------------+-------+-----
Armour         | 1 |  1.0
Fighting       | |  3.4
Maces & Flails | |  3.2
Dodging        | |  2.4
Stealth        | |  2.2

Action                   || total
-------------------------++-------
Melee: Mace              ||    41
 Stab: Sleeping          ||     3
Armor: Robe              ||     9
Dodge: Dodged            ||    24

Table legend: (Time is in decaauts)
 A = Elapsed time spent in this place.
 B = Non-inter-level travel time spent in this place.
 C = Inter-level travel time spent in this place.
 D = Time resting spent in this place.
 E = Time spent auto-exploring this place.
 F = Levels seen in this place.
 G = Mean time per level.
                   A        B        C        D        E       F      G
               +--------+--------+--------+--------+--------+-----+--------+
         Total |    710 |    710 |      0 |    410 |    187 |   1 |  710.0 |
       Dungeon |    710 |    710 |      0 |    410 |    187 |   1 |  710.0 |
               +--------+--------+--------+--------+--------+-----+--------+

Top non-repeatable levels by time:
     D:1: 710 daAuts
